 Dungeon Crawl Stone Soup version 0.28-a0-1624-g820543e53a (webtiles) character file.

Game seed: 7018789305213545880

1536 hashsling the Skirmisher (level 8, -20/70 HPs)
             Began as a Grey Draconian Warper on Jan 23, 2022.
             Was an Initiate of Okawaru.
             Killed from afar by a steam dragon (24 damage)
             ... with a ball of steam
             ... on level 7 of the Dungeon.
             The game lasted 00:19:49 (8326 turns).

hashsling the Skirmisher (Grey Draconian Warper)    Turns: 8326, Time: 00:19:51

Health: -20/70     AC: 14    Str: 14    XL:     8   Next: 56%
Magic:  13/23      EV: 13    Int: 22    God:    Okawaru [......]
Gold:   286        SH:  0    Dex: 12    Spells: 0/15 levels left

rFire   x . .      SeeInvis .   x - +11 flail of Infinity {drain, Fragile rPois rF- Int+8}
rCold   . . .      Faith    +   (no shield)
rNeg    . . .      Spirit   .   (armour unavailable)
rPois   +          Reflect  .   (helmet restricted)
rElec   .          Harm     .   E - +0 cloak
rCorr   .          Rampage  .   i - +0 pair of gloves
Will    +....                   t - +0 pair of boots
Stlth   +.........              G - amulet of faith
HPRegen 0.21/turn               v - ring of willpower
MPRegen 0.18/turn               A - ring of magical power

@: confusing by touch, on blink cooldown
A: AC +11, amphibious, unfitting armour, cold-blooded
a: Renounce Religion


You were on level 7 of the Dungeon.
You worshipped Okawaru.
Okawaru was noncommittal.
You visited 2 branches of the dungeon, and saw 8 of its levels.

You collected 286 gold pieces.

Inventory:

Hand Weapons
 a - a +0 falchion
 b - a +0 longbow
 x - the +11 flail of Infinity (weapon) {drain, Fragile rPois rF- Int+8}
   (You found it on level 5 of the Dungeon)

   A truly terrible weapon, it drains the life of any living foe it strikes.
   Int:       It affects your intelligence (+8).
   rF:        It makes you vulnerable to fire.
   rPois:     It protects you from poison.
   Fragile:   It will be destroyed if unequipped.
Missiles
 c - 4 boomerangs of dispersal
 y - 26 arrows
 B - 19 poisoned darts
Armour
 i - a +0 pair of gloves (worn)
 t - a +0 pair of boots (worn)
 E - a +0 cloak (worn)
Jewellery
 v - a ring of willpower (left hand)
 A - a ring of magical power (right hand)
 G - an amulet of faith (around neck)
Wands
 q - a wand of iceblast (6)
Scrolls
 f - 5 scrolls of summoning {unknown}
 h - 2 scrolls of enchant armour {unknown}
 j - 2 scrolls of fear {unknown}
 k - 2 scrolls of torment {unknown}
 o - a scroll of amnesia {unknown}
 r - 3 scrolls of teleportation {unknown}
 s - a scroll of magic mapping {unknown}
 u - 2 scrolls of identify {unknown}
 w - 2 scrolls of blinking
 D - a scroll of brand weapon {unknown}
 F - a scroll of vulnerability {unknown}
Potions
 d - 3 potions of curing {unknown}
 e - a potion of berserk rage {unknown}
 g - 2 potions of attraction {unknown}
 l - 2 potions of heal wounds {unknown}
 m - a potion of brilliance {unknown}
 n - a potion of ambrosia {unknown}
 p - a potion of might {unknown}
 z - a potion of haste {unknown}
 C - 2 potions of lignification {unknown}


   Skills:
 * Level 5.8 Fighting
 - Level 3.4 Long Blades
 + Level 2.3 Bows
 - Level 3.0 Throwing
 * Level 4.9 Dodging
 - Level 4.0 Spellcasting
 - Level 2.0 Hexes
 - Level 5.0 Translocations


You couldn't memorise any spells.
You knew the following spells:

 Your Spells              Type           Power      Damage    Failure   Level
a - Blink                 Tloc           52%        N/A       2%          2
b - Teleport Other        Tloc           26%        N/A       4%          3
c - Confusing Touch       Hex            13%        N/A       14%         3
d - Manifold Assault      Tloc           26%        N/A       36%         5
e - Wereblood             Tmut           4%         N/A       17%         2

Your spell library contained the following spells:

 Spells                   Type           Power      Damage    Failure   Level
 Slow                     Hex            52%        N/A       4%          1
 Gell's Gravitas          Tloc           26%        N/A       4%          3
 Lesser Beckoning         Tloc           26%        N/A       4%          3
 Sublimation of Blood     Necr           4%         N/A       17%         2
 Vampiric Draining        Necr           4%         2d6       32%         3
 Summon Hydra             Summ           Unusable   N/A       N/A         7

Dungeon Overview and Level Annotations

Branches:
Dungeon (7/15)             Temple (1/1) D:6

Altars:
Dithmenos
Elyvilon
Fedhas
Gozag
Hepliaklqana
Kikubaaqudgha
Makhleb
Nemelex Xobeh
Okawaru
Qazlal
Ru
Sif Muna
Trog
Uskayaw
Vehumet
Wu Jian
Xom
Yredelemnul
Zin
The Shining One
Beogh

Shops:
D:1 !   D:5 [:[

Annotations:
D:4 3 runed translucent doors, awesomeguy42's ghost, amateur HuNe


Innate Abilities, Weirdness & Mutations

Your dull iron-grey scales are very hard. (AC +11)
You are amphibious.
You cannot fit into any form of body armour.
You are cold-blooded and may be slowed by cold attacks.


Message History

Okawaru accepts your kill.
The orc throws a boomerang.
The boomerang hits you but does no damage.
The steam dragon breathes steam at you. The ball of steam hits you!!
The steam scalds you terribly!
The orc throws a boomerang.
The boomerang barely misses you.
You sock the steam dragon!
Your tail-slap misses the steam dragon.
The steam dragon is moderately wounded.
The steam dragon bites you.
The steam dragon claws you but does no damage.
The orc hits you with a +0 club.
You barely miss the steam dragon.
The steam dragon is moderately wounded.
The steam dragon misses you. The steam dragon closely misses you.
The orc hits you but does no damage.
You hit the steam dragon.
The steam dragon is heavily wounded.
The steam dragon bites you. The steam dragon barely misses you.
The orc hits you but does no damage. The steam dragon breathes steam at you.
The ball of steam hits you!!! The steam scalds you terribly!
Ouch! That really hurt!
* * * LOW HITPOINT WARNING * * *
Casting: Confusing Touch (dangerous; 14% risk of failure)
Confirm with . or Enter, or press ? or * to list all spells.
You blink.
The orc throws a boomerang.
The boomerang hits you but does no damage.
Casting: Blink (safe; 2% risk of failure)
Confirm with . or Enter, or press ? or * to list all spells.
Your hands begin to glow red.
Casting: Confusing Touch (dangerous; 14% risk of failure)
Confirm with . or Enter, or press ? or * to list all spells.
The spell is quite dangerous to miscast (36% risk of failure)!
Continue anyway?
Space momentarily warps into an impossible shape!
You hit the steam dragon but do no damage.
You closely miss the orc.
The orc throws a boomerang.
The boomerang completely misses you. The steam dragon breathes steam at you.
The ball of steam hits you!! The steam scalds you terribly!
You die...

# #.............. #
#.......$.........# #
#.........).......# #
#.....[...........#
#....#######...........#
#....#....##§.o........#
#....#......§.D........#
#....#.........§.......#
#....+.....§....@......#
#....#....##..§........#
#....#....##§....#######
'....'...........#
#....#(.............
#....#..........!...
'....#.......)...###
#....#...........#
#....#...........#


You could see a steam dragon (catching breath) and an orc.

Vanquished Creatures
  A black bear (D:3)
  A sky beast (D:7)
  A necrophage (D:7)
  4 ogres
  A centaur (D:5)
  A phantom (D:3)
  A kobold brigand (D:7)
  2 bullfrogs
  A scorpion (D:4)
  A howler monkey (D:7)
  A bullfrog zombie (D:5)
  A centaur skeleton (D:4)
  An orc priest (D:7)
  A bullfrog skeleton (D:5)
  An iguana (D:5)
  Natasha (twice) (D:3)
  3 orc wizards
  A hound skeleton (D:4)
  7 adders
  A gnoll (D:1)
  2 howler monkey skeletons
  3 ufetubi
  An adder skeleton (D:5)
  2 dart slugs (D:1)
  3 worms
  18 orcs
  12 ball pythons
  5 endoplasms
  7 giant cockroaches
  4 goblins
  6 hobgoblins
  2 quokkas
  6 bats
  4 frilled lizards
  8 kobolds
  8 rats
124 creatures vanquished.

Notes
Turn   | Place    | Note
-------+----------+-------------------------------------------
     0 | D:1      | hashsling the Draconian Warper began the quest for the Orb.
     0 | D:1      | Reached XP level 1. HP: 17/17 MP: 3/3
    48 | D:1      | Reached skill level 1 in Throwing
   132 | D:1      | Reached XP level 2. HP: 24/25 MP: 5/5
   153 | D:1      | Learned a level 2 spell: Blink
   504 | D:1      | Found Getot's Distillery.
   552 | D:1      | Reached XP level 3. HP: 30/30 MP: 6/6
  1463 | D:2      | Reached XP level 4. HP: 36/37 MP: 7/7
  1586 | D:2      | Found a faded altar of an unknown god.
  2326 | D:3      | Noticed Natasha
  2333 | D:3      | Killed Natasha
  3069 | D:3      | Noticed Natasha
  3083 | D:3      | Killed Natasha
  3084 | D:3      | Reached XP level 5. HP: 15/45 MP: 7/9
  3288 | D:3      | Noticed a phantom
  3317 | D:3      | Killed a phantom
  3719 | D:4      | Learned a level 3 spell: Teleport Other
  3723 | D:4      | Learned a level 3 spell: Confusing Touch
  3749 | D:4      | Noticed a black bear
  4103 | D:3      | Killed a black bear
  4104 | D:3      | Reached XP level 6. HP: 51/51 MP: 10/10
  4166 | D:4      | Found a runed translucent gate.
  4168 | D:4      | Found a runed translucent gate.
  4168 | D:4      | Found a runed translucent gate.
  4180 | D:4      | Identified the +3 scale mail of Thoughtfulness {rC+}
  4205 | D:4      | Noticed awesomeguy42's ghost (amateur HuNe)
  5488 | D:4      | Reached skill level 1 in Hexes
  5845 | D:5      | Entered Level 5 of the Dungeon
  5916 | D:5      | Identified the +11 flail of Infinity {drain, Fragile rPois
                  | rF- Int+8}
  5975 | D:5      | Found Jomnuhips's Antique Armour Emporium.
  5996 | D:5      | Your scales start taking on a dull iron-grey colour.
  5996 | D:5      | Reached XP level 7. HP: 59/59 MP: 11/11
  6038 | D:5      | Reached skill level 1 in Bows
  6266 | D:5      | Learned a level 5 spell: Manifold Assault
  6371 | D:5      | Found Byisun's Book Shoppe.
  6446 | D:5      | Found Quirph's Antique Armour Shop.
  6654 | D:6      | Reached XP level 8. HP: 29/67 MP: 12/14
  6964 | D:6      | Found a staircase to the Ecumenical Temple.
  7013 | Temple   | Entered the Ecumenical Temple
  7336 | Temple   | Became a worshipper of Warmaster Okawaru
  7850 | D:6      | Reached skill level 5 in Translocations
  7917 | D:6      | Learned a level 2 spell: Wereblood
  7946 | D:7      | Reached skill level 5 in Fighting
  8326 | D:7      | Killed from afar by a steam dragon

Illustrated notes

Levels and vault maps discovered:
D:1:      enne_arrival_octagon_isle, layout_basic, serial_shops,
          nicolae_shop_trees
D:2:      layout_basic, hellmonk_ecumenical_altar_zigzags,
          nicolae_figureground_pulse
D:3:      layout_loops_corners, gup_sewer_entry_bubbles, uniq_natasha
D:4:      layout_basic, biasface_ghost_orc_armoury
D:5:      layout_rooms, serial_shops, nicolae_take_the_stairs,
          nicolae_shop_stone, shop_statue, chequers_mini_garden, grunt_decor_cap
D:6:      layout_basic, minmay_temple_entry_mini_moons, roderic_serpentine_path
D:7:      layout_gridville
Temple:   mainiacjoe_temple_big_plus

Skill      XL: |  1  2  3  4  5  6  7  8 |
---------------+-------------------------+-----
Throwing       | 1 2 3 |  3.0
Fighting       | 3 4 5 |  5.8
Long Blades    | 3 |  3.4
Dodging        | 3 4 |  4.9
Spellcasting   | 3 4 |  4.0
Translocations | 4 5 |  5.0
Hexes          | 1 2 |  2.0
Bows           | 1 2 |  2.3

Action                   |  1- 3 |  4- 6 |  7- 9 || total
-------------------------+-------+-------+-------++-------
Melee: Falchion          |    95 |   279 |       ||   374
       Tailslap          |     7 |    32 |    13 ||    52
       Punch             |     1 |     3 |     2 ||     6
       Flail             |       |     2 |   114 ||   116
Throw: Boomerang         |       |     1 |       ||     1
 Cast: Blink             |       |     5 |     1 ||     6
       Teleport Other    |       |     2 |       ||     2
       Confusing Touch   |       |       |     8 ||     8
       Manifold Assault  |       |       |     1 ||     1
Evoke: Wand              |       |     4 |       ||     4
 Stab: Sleeping          |     2 |     1 |       ||     3
       Confused          |       |       |     2 ||     2
Armor: Skin              |    32 |   150 |    63 ||   245
Dodge: Dodged            |    64 |   218 |    84 ||   366

Table legend: (Time is in decaauts)
 A = Elapsed time spent in this place.
 B = Non-inter-level travel time spent in this place.
 C = Inter-level travel time spent in this place.
 D = Time resting spent in this place.
 E = Time spent auto-exploring this place.
 F = Levels seen in this place.
 G = Mean time per level.
                   A        B        C        D        E       F      G
               +--------+--------+--------+--------+--------+-----+--------+
         Total |   8468 |   8158 |    310 |    704 |   6100 |   8 | 1058.5 |
       Dungeon |   8026 |   7742 |    284 |    704 |   5707 |   7 | 1146.6 |
        Temple |    441 |    415 |     26 |      0 |    393 |   1 |  441.0 |
               +--------+--------+--------+--------+--------+-----+--------+

Top non-repeatable levels by time:
     D:3: 2564 daAuts
     D:2: 1368 daAuts
     D:4: 1324 daAuts
     D:6: 918 daAuts
     D:5: 763 daAuts
     D:1: 684 daAuts
  Temple: 441 daAuts
     D:7: 403 daAuts
